SA
CONNETQUOT CHIEFS @ COLUMBIA RIVER RATS
07/28/2022
 
TOP OF THE 1ST
Connetquot Chiefs batting - Pitching for Columbia River Rats : RHP Brandon McAllister
Pitching: RHP Brandon McAllister
Batting: RHB Mario Rivera 0-0: Ball
1-0: SINGLE (Line Drive, 7S)
Batting: RHB Enrique Morales 0-0: Fly out, F3 (Popup, 3)
Batting: RHB Arturo Morales 0-0: Called Strike
0-1: Grounds into double play, 6-4-3 (Groundball, 6)
Top of the 1st over - 0 run(s), 1 hit(s), 0 error(s), 0 left on base; Connetquot 0 - Columbia 0
BOTTOM OF THE 1ST
Columbia River Rats batting - Pitching for Connetquot Chiefs : RHP Armando Ortíz
Pitching: RHP Armando Ortíz
Batting: RHB Marcos Calderón 0-0: Swinging Strike
0-1: Ball
1-1: Ball
2-1: Foul Ball, location: 2F
2-2: Strikes out swinging
Batting: LHB António Ramos 0-0: Ball
1-0: DOUBLE (Line Drive, 3L)
Batting: RHB Lorenzo Rosas 0-0: Called Strike
0-1: Called Strike
0-2: Strikes out swinging
Batting: RHB Héctor Rodríguez 0-0: Called Strike
0-1: Foul Ball, location: 2F
0-2: Ball
1-2: Strikes out swinging
Bottom of the 1st over - 0 run(s), 1 hit(s), 0 error(s), 1 left on base; Connetquot 0 - Columbia 0
TOP OF THE 2ND
Connetquot Chiefs batting - Pitching for Columbia River Rats : RHP Brandon McAllister
Batting: RHB Miguel Rodríguez 0-0: Ball
1-0: Swinging Strike
1-1: SINGLE (Flyball, 56D)
Batting: RHB Menno van de Vlugt 0-0: Ball
1-0: SINGLE (Groundball, 6M)
Miguel Rodríguez to second
Batting: RHB José Magana 0-0: Called Strike
0-1: Foul Ball, location: 2F
0-2: Ball
1-2: Fly out, F8 (Flyball, 8RD)
Runner from 2nd tags up, SAFE at 3rd, no throw
Batting: SHB Britt Ducker 0-0: Fly out, F9 (Flyball, 9M)
Runner from 3rd tags up, SCORES, throw made
Batting: RHB Emanuel Bree 0-0: Called Strike
0-1: Fly out, F9 (Flyball, 9M)
Top of the 2nd over - 1 run(s), 2 hit(s), 0 error(s), 1 left on base; Connetquot 1 - Columbia 0
BOTTOM OF THE 2ND
Columbia River Rats batting - Pitching for Connetquot Chiefs : RHP Armando Ortíz
Batting: LHB Luis Vicenteno 0-0: Ball
1-0: Called Strike
1-1: Swinging Strike
1-2: Fly out, F7 (Flyball, 7M)
Batting: RHB Miguel Montoya 0-0: Fly out, F9 (Flyball, 9M)
Batting: RHB Raúl Ortíz 0-0: Fly out, F3 (Popup, 3F)
Bottom of the 2nd over - 0 run(s), 0 hit(s), 0 error(s), 0 left on base; Connetquot 1 - Columbia 0
TOP OF THE 3RD
Connetquot Chiefs batting - Pitching for Columbia River Rats : RHP Brandon McAllister
Batting: RHB John Burton 0-0: Foul Ball, location: 2F
0-1: Fly out, F4 (Popup, 34)
Batting: RHB Mario Rivera 0-0: Swinging Strike
0-1: Foul Ball, location: 2F
0-2: Ball
1-2: Strikes out swinging
Batting: RHB Enrique Morales 0-0: Ball
1-0: Swinging Strike
1-1: Ball
2-1: Swinging Strike
2-2: Ground out 6-3 (Groundball, 6M)
Top of the 3rd over - 0 run(s), 0 hit(s), 0 error(s), 0 left on base; Connetquot 1 - Columbia 0
BOTTOM OF THE 3RD
Columbia River Rats batting - Pitching for Connetquot Chiefs : RHP Armando Ortíz
Batting: RHB Héctor Gallegos 0-0: Foul Ball, location: 2F
0-1: Ball
1-1: Swinging Strike
1-2: Ball
2-2: Fly out, F7 (Flyball, 7M)
Batting: LHB Juan Montés 0-0: Fly out, F7 (Flyball, 7LM)
Batting: RHB Marcos Calderón 0-0: Called Strike
0-1: Foul Ball, location: 2F
0-2: Ball
1-2: Strikes out swinging
Bottom of the 3rd over - 0 run(s), 0 hit(s), 0 error(s), 0 left on base; Connetquot 1 - Columbia 0
TOP OF THE 4TH
Connetquot Chiefs batting - Pitching for Columbia River Rats : RHP Brandon McAllister
Batting: RHB Arturo Morales 0-0: Ball
1-0: Called Strike
1-1: Ball
2-1: Ground out 6-3 (Groundball, 6)
Batting: RHB Miguel Rodríguez 0-0: Called Strike
0-1: Swinging Strike
0-2: Ball
1-2: Ball
2-2: Strikes out swinging
Batting: RHB Menno van de Vlugt 0-0: Called Strike
0-1: Swinging Strike
0-2: Ball
1-2: Ball
2-2: Strikes out looking
Top of the 4th over - 0 run(s), 0 hit(s), 0 error(s), 0 left on base; Connetquot 1 - Columbia 0
BOTTOM OF THE 4TH
Columbia River Rats batting - Pitching for Connetquot Chiefs : RHP Armando Ortíz
Batting: LHB António Ramos 0-0: Called Strike
0-1: Swinging Strike
0-2: Ball
1-2: Ball
2-2: Strikes out swinging
Batting: RHB Lorenzo Rosas 0-0: Called Strike
0-1: Foul Ball, location: 2F
0-2: Ball
1-2: Ball
2-2: Strikes out swinging
Batting: RHB Héctor Rodríguez 0-0: Ball
1-0: SINGLE (Line Drive, 4MD)
Batting: LHB Luis Vicenteno 0-0: Ball
1-0: Foul Ball, location: 2F
1-1: Ground out U3 (Groundball, 3S)
Bottom of the 4th over - 0 run(s), 1 hit(s), 0 error(s), 1 left on base; Connetquot 1 - Columbia 0
TOP OF THE 5TH
Connetquot Chiefs batting - Pitching for Columbia River Rats : RHP Brandon McAllister
Batting: RHB José Magana 0-0: Called Strike
0-1: Fly out, F9 (Flyball, 9M)
Batting: SHB Britt Ducker 0-0: Ground out 1-3 (Groundball, 15S)
Batting: RHB Emanuel Bree 0-0: Called Strike
0-1: SINGLE (Flyball, 78S)
Batting: RHB John Burton 0-0: Foul Ball, location: 2F
0-1: Ball
1-1: Ball
2-1: Ball
Emanuel Bree steals 2nd base
3-1: Foul Ball, location: 2F
3-2: Base on Balls
Batting: RHB Mario Rivera 0-0: Foul Ball, location: 2F
0-1: Ball
1-1: Ball
2-1: Called Strike
2-2: Fly out, F6 (Popup, 56)
Top of the 5th over - 0 run(s), 1 hit(s), 0 error(s), 2 left on base; Connetquot 1 - Columbia 0
BOTTOM OF THE 5TH
Columbia River Rats batting - Pitching for Connetquot Chiefs : RHP Armando Ortíz
Batting: RHB Miguel Montoya 0-0: SINGLE (Flyball, 9LM)
Batting: RHB Raúl Ortíz 0-0: Sac Bunt - play at first, batter OUT! 1-3
Miguel Montoya to second
Batting: RHB Héctor Gallegos 0-0: Called Strike
0-1: Ball
1-1: Fly out, F8 (Flyball, 8LM)
Batting: LHB Juan Montés 0-0: Called Strike
0-1: Foul Ball, location: 2F
0-2: Foul Ball, location: 2F
0-2: Foul Ball, location: 2F
0-2: Ball
1-2: Strikes out looking
Bottom of the 5th over - 0 run(s), 1 hit(s), 0 error(s), 1 left on base; Connetquot 1 - Columbia 0
TOP OF THE 6TH
Connetquot Chiefs batting - Pitching for Columbia River Rats : RHP Brandon McAllister
Batting: RHB Enrique Morales 0-0: Ball
1-0: Ball
2-0: Called Strike
2-1: Foul Ball, location: 2F
2-2: Ball
3-2: Foul Ball, location: 2F
3-2: Foul Ball, location: 2F
3-2: Foul Ball, location: 2F
3-2: Base on Balls
Batting: RHB Arturo Morales 0-0: Called Strike
0-1: Ball
Enrique Morales is caught stealing 2nd base
1-1: SINGLE (Flyball, 7LS)
Batting: RHB Miguel Rodríguez Pickoff Throw to First - Error! E1
Arturo Morales to second
0-0: Intentional Walk
Batting: RHB Menno van de Vlugt 0-0: Ball
1-0: Foul Ball, location: 2F
1-1: Swinging Strike
1-2: Ball
2-2: Ball
3-2: SINGLE (Flyball, 8LS)
Arturo Morales to third
Miguel Rodríguez to second
Batting: RHB José Magana 0-0: Foul Ball, location: 2F
0-1: Called Strike
0-2: Ball
1-2: Strikes out swinging
Batting: SHB Britt Ducker 0-0: Foul Ball, location: 2F
0-1: Swinging Strike
0-2: Ball
1-2: SINGLE (Line Drive, 6M)
Arturo Morales scores
Miguel Rodríguez to third
Menno van de Vlugt to second
Runner from 3rd tries for Home, SAFE, throw made home
Menno van de Vlugt to third
Britt Ducker to second
Batting: RHB Emanuel Bree 0-0: Swinging Strike
0-1: Foul Ball, location: 2F
0-2: Ball
1-2: Ball
2-2: Ball
3-2: Strikes out swinging
Top of the 6th over - 2 run(s), 3 hit(s), 1 error(s), 2 left on base; Connetquot 3 - Columbia 0
BOTTOM OF THE 6TH
Columbia River Rats batting - Pitching for Connetquot Chiefs : RHP Armando Ortíz
Batting: RHB Marcos Calderón 0-0: Foul Ball, location: 2F
0-1: Ball
1-1: Fly out, F4 (Popup, 3D)
Batting: LHB António Ramos 0-0: Called Strike
0-1: Ball
1-1: Ball
2-1: Fly out, F8 (Flyball, 8LM)
Batting: RHB Lorenzo Rosas 0-0: Ground out 6-3 (Groundball, 6M)
Bottom of the 6th over - 0 run(s), 0 hit(s), 0 error(s), 0 left on base; Connetquot 3 - Columbia 0
TOP OF THE 7TH
Connetquot Chiefs batting - Pitching for Columbia River Rats : RHP Brandon McAllister
Batting: RHB John Burton 0-0: SINGLE (Groundball, 6MD)
Batting: RHB Mario Rivera 0-0: Sac Bunt - play at first, batter OUT! 2-4
John Burton to second
Batting: RHB Enrique Morales 0-0: Ball
1-0: Called Strike
1-1: Swinging Strike
1-2: SINGLE (Groundball, 13) (infield hit)
John Burton to third
Batting: RHB Arturo Morales 0-0: Ball
1-0: Ball
2-0: Ball
3-0: Called Strike
3-1: Foul Ball, location: 2F
3-2: SINGLE (Groundball, 6)
John Burton scores
Enrique Morales to second
Enrique Morales to third
Batting: RHB Miguel Rodríguez 0-0: Foul Ball, location: 2F
0-1: Ball
1-1: Swinging Strike
1-2: Strikes out swinging
Arturo Morales steals 2nd base
Batter strikes out.
Batting: RHB Menno van de Vlugt 0-0: Ball
1-0: Ball
2-0: Fly out, F9 (Flyball, 89M)
Top of the 7th over - 1 run(s), 3 hit(s), 0 error(s), 2 left on base; Connetquot 4 - Columbia 0
BOTTOM OF THE 7TH
Columbia River Rats batting - Pitching for Connetquot Chiefs : RHP Armando Ortíz
Batting: RHB Héctor Rodríguez 0-0: Foul Ball, location: 2F
0-1: TRIPLE (Flyball, 89M)
Batting: LHB Luis Vicenteno 0-0: Ball
1-0: SINGLE (Line Drive, 8RS)
Héctor Rodríguez scores
Batting: RHB Miguel Montoya 0-0: Called Strike
Luis Vicenteno steals 2nd base
0-1: Ground out 6-3 (Groundball, 6)
Luis Vicenteno to third
Batting: RHB Raúl Ortíz 0-0: Called Strike
0-1: Ball
1-1: Ball
2-1: Ball
3-1: Base on Balls
Batting: RHB Héctor Gallegos 0-0: Fly out, F9 (Flyball, 9M)
Runner from 3rd tags up, SCORES, no throw
Batting: LHB Juan Montés 0-0: Ground out 4-3 (Groundball, 34)
Bottom of the 7th over - 2 run(s), 2 hit(s), 0 error(s), 1 left on base; Connetquot 4 - Columbia 2
TOP OF THE 8TH
Connetquot Chiefs batting - Pitching for Columbia River Rats : RHP Brandon McAllister
Batting: RHB José Magana 0-0: Fly out, F8 (Flyball, 8LXD)
Batting: SHB Britt Ducker 0-0: Fly out, F4 (Popup, 4)
Batting: RHB Emanuel Bree 0-0: SINGLE (Line Drive, 7S)
Batting: RHB John Burton 0-0: Ball
Pickoff Throw by Catcher to First - Error! E2
Emanuel Bree to second
1-0: Fly out, F8 (Flyball, 8LM)
Top of the 8th over - 0 run(s), 1 hit(s), 1 error(s), 1 left on base; Connetquot 4 - Columbia 2
BOTTOM OF THE 8TH
Columbia River Rats batting - Pitching for Connetquot Chiefs : RHP Armando Ortíz
Batting: RHB Marcos Calderón 0-0: Called Strike
0-1: Ball
1-1: Fly out, F7 (Line Drive, 78D)
Batting: LHB António Ramos 0-0: Ball
1-0: Foul Ball, location: 2F
1-1: Fly out, F8 (Flyball, 8RM)
Batting: RHB Lorenzo Rosas 0-0: Called Strike
0-1: Ground out 4-3 (Groundball, 4)
Bottom of the 8th over - 0 run(s), 0 hit(s), 0 error(s), 0 left on base; Connetquot 4 - Columbia 2
TOP OF THE 9TH
Connetquot Chiefs batting - Pitching for Columbia River Rats : RHP Brandon McAllister
Pitching: LHP Joaquín Ramírez
Batting: RHB Mario Rivera 0-0: Fly out, F9 (Flyball, 9LM)
Batting: RHB Enrique Morales 0-0: Ball
1-0: Called Strike
1-1: Swinging Strike
1-2: Strikes out swinging
Batting: RHB Arturo Morales 0-0: Fly out, F3 (Line Drive, 3)
Top of the 9th over - 0 run(s), 0 hit(s), 0 error(s), 0 left on base; Connetquot 4 - Columbia 2
BOTTOM OF THE 9TH
Columbia River Rats batting - Pitching for Connetquot Chiefs : RHP Armando Ortíz
Pitching: RHP Jim Unknown
Batting: RHB Héctor Rodríguez 0-0: Called Strike
0-1: Foul Ball, location: 2F
0-2: Ball
1-2: Foul Ball, location: 2F
1-2: Ground out 6-3 (Groundball, 6M)
Batting: LHB Luis Vicenteno 0-0: Fly out, F5 (Popup, 56)
Batting: RHB Miguel Montoya 0-0: Called Strike
0-1: Ball
1-1: Called Strike
1-2: Ball
2-2: Foul Ball, location: 2F
2-2: Strikes out looking
Bottom of the 9th over - 0 run(s), 0 hit(s), 0 error(s), 0 left on base; Connetquot 4 - Columbia 2
This league is powered by Out of the Park Baseball, the baseball management simulation game for PC, Mac and Linux
Friday, April 15th, 2016 - OOTP Baseball 16.9 Build 39